Map: Ruins of Seras

Players

Levon

  • Race: Protoss Protoss
  • League: Gold

Bagain - Winner!

  • Race: Protoss Protoss
  • League: Gold

VOD

Have the link to the VOD?

Description

Time

  • Played on: Feb. 14, 2016, 10:18 a.m.
  • Length: 5:29
Show
View Real Time Build Order
Export as new Build Order

Levon Protoss 

Build Orders: 1 Gate Expand 

Get SALT Encoding   

  12  0:02  Probe (Chrono Boost)  
  13  0:13  Probe (Chrono Boost)  
  14  0:21  Pylon  
  14  0:28  Probe (Chrono Boost)  
  15  0:39  Gateway  
  15  0:43  Assimilator  
  15  0:48  Probe (Chrono Boost)  
  16  0:58  Probe (Chrono Boost)  
  17  1:09  Probe (Chrono Boost)  
  18  1:24  Probe (Chrono Boost)  
  19  1:34  Nexus  
  19  1:48  Probe (Chrono Boost)  
  19  1:49  Cybernetics Core  
  20  1:59  Probe (Chrono Boost)  
  21  2:01  Pylon  
  21  2:09  Assimilator  
  21  2:26  Warp Gate (Chrono Boost)  
  21  2:28  Mothership Core (Chrono Boost)  
  23  2:30  Gateway  
  23  2:54  Robotics Facility  
  22  2:58  Stalker (Chrono Boost)  
  24  3:16  Pylon  
  24  3:19  Probe  
  25  3:55  Gateway  
  25  3:57  Gateway, Immortal (Chrono Boost)  
  29  4:09  Pylon  
  29  4:34  Observer  
  29  4:38  Stalker x2  
  38  5:03  Pylon  
  38  5:05  Pylon  
Show
View Real Time Build Order
Export as new Build Order

Bagain Protoss - Winner!

Build Orders:  

Get SALT Encoding   

  12  0:01  Probe (Chrono Boost)  
  13  0:12  Probe (Chrono Boost)  
  14  0:20  Pylon  
  14  0:23  Probe (Chrono Boost)  
  15  0:38  Probe (Chrono Boost)  
  15  0:39  Gateway  
  16  0:46  Assimilator  
  16  0:50  Probe (Chrono Boost)  
  17  1:02  Probe (Chrono Boost)  
  18  1:06  Pylon  
  18  1:15  Pylon, Probe (Chrono Boost)  
  20  1:25  Probe (Chrono Boost)  
  20  1:28  Cybernetics Core  
  20  1:36  Probe (Chrono Boost)  
  21  1:47  Assimilator  
  21  1:49  Probe (Chrono Boost)  
  22  1:55  Gateway  
  22  2:00  Gateway  
  22  2:06  Probe (Chrono Boost)  
  23  2:09  Warp Gate  
  23  2:15  Stalker  
  25  2:31  Robotics Facility  
  25  2:42  Stalker  
  27  2:48  Stalker  
  29  2:57  Stalker  
  31  3:12  Stalker  
  33  3:15  Probe (Chrono Boost)  
  34  3:26  Immortal (Chrono Boost)  
  38  3:37  Stalker  
  37  3:49  Stalker  
  39  4:17  Pylon  
  39  4:22  Pylon  
  39  4:35  Immortal (Chrono Boost)  
  43  4:42  Stalker  
  45  4:49  Stalker x2  
Tags
 
League
GoldGold
Matchup
PvP
Replay Pack
rep
Add a new tag
Caveats
  • Supply blocks, unpowered buildings, or Contaminate may cause inaccurate times.
  • Supply counts are checked every 10 seconds.